 Dungeon Crawl Stone Soup version 0.23.2-11-gf996548 (webtiles) character file.

Game seed: 13185810895065603004

431 Fang the Skirmisher (level 6, -18/60 HPs)
             Began as a Gargoyle Berserker on June 3, 2019.
             Was a Priest of Trog.
             Demolished by an ogre
             ... wielding a +0 giant club
              (20 damage)
             ... on level 4 of the Dungeon.
             The game lasted 00:03:58 (3549 turns).

Fang the Skirmisher (Gargoyle Berserker)            Turns: 3549, Time: 00:03:58

Health: -18/60     AC: 19    Str: 27    XL:     6   Next: 99%
Magic:  6/6        EV:  8    Int:  8    God:    Trog [***...]
Gold:   173        SH:  0    Dex:  9    Spells: 5/5 levels left

rFire    . . .     SeeInvis .   a - +0 war axe
rCold    . . .     Gourm    .   (no shield)
rNeg     + . .     Faith    .   b - +0 plate armour
rPois    ∞         Spirit   .   r - +2 helmet
rElec    +         Reflect  .   (no cloak)
rCorr    .         Harm     .   (no gloves)
MR       .....                  (no boots)
Stlth    ..........             e - amulet of the acrobat
HPRegen  0.20/turn              q - ring of flight
MPRegen  0.10/turn              (no ring)

@: berserking, very quick
A: negative energy resistance 1, electricity resistance, unbreathing,
petrification resistance, rot immunity, AC +4
a: Berserk, Trog's Hand, Renounce Religion, Evoke Flight


You were on level 4 of the Dungeon.
You worshipped Trog.
Trog was most pleased with you.
You were hungry.

You visited 1 branch of the dungeon, and saw 4 of its levels.

You collected 173 gold pieces.

Inventory:

Hand Weapons
 a - a +0 war axe (weapon)
Armour
 b - a +0 plate armour (worn)
 r - a +2 helmet (worn)
Jewellery
 e - an amulet of the acrobat (around neck)
 q - a ring of flight (left hand)
Scrolls
 d - a scroll of fog {unknown}
 i - 4 scrolls of remove curse {unknown}
 k - 2 scrolls of identify {unknown}
 n - a scroll of fear {unknown}
 o - a scroll of amnesia {unknown}
 p - a scroll of enchant weapon {unknown}
 t - a scroll of enchant armour {unknown}
Potions
 f - 2 potions of brilliance {unknown}
 g - a potion of degeneration {unknown}
 h - 2 potions of heal wounds {unknown}
 j - a potion of haste {unknown}
 l - a potion of agility {unknown}
 m - a potion of mutation {unknown}
 s - 2 potions of curing {unknown}
Comestibles
 c - 6 rations


   Skills:
 + Level 5.0 Fighting
 + Level 4.1 Axes
 + Level 4.3 Armour
 + Level 3.2 Dodging


You had 5 spell levels left.
You didn't know any spells.
Your spell library was empty.

Dungeon Overview and Level Annotations

Branches:
Dungeon (4/15)
 Temple: D:4-7

Altars:
Elyvilon
Makhleb
Qazlal
Ru


Innate Abilities, Weirdness & Mutations

You are resistant to torment.
Your stone body is resilient. (AC +4)
You are immune to poison.
You resist negative energy. (rN+)
You are resistant to electric shocks. (rElec)
You can survive without breathing.
You are immune to petrification.
You are immune to rotting.


Message History

The ogre hits you with a +0 giant club!
Your plate armour prevents you from hitting the ogre.
The ogre hits you with a +0 giant club!!
Ouch! That really hurt!
* * * LOW HITPOINT WARNING * * *
You are too injured to fight recklessly!
You are too injured to fight recklessly!
You are too injured to fight recklessly!
You are too injured to fight recklessly!
You are too injured to fight recklessly!
You are too injured to fight recklessly!
You are too injured to fight recklessly!
You are too injured to fight recklessly!
You are too injured to fight recklessly!
You are too injured to fight recklessly!
A red film seems to cover your vision as you go berserk!
You feel yourself moving faster!
You feel mighty!
You are feeling hungry.
The ogre hits you with a +0 giant club!!
You die...

#......... .# .........
..# #....... #..#
#...... #..# #.....[
#..####### ##......
#..<.....######.....##
##.........>........##
#...O@...............#
#..................#....
..................####..
.######..####....## ##.
#### ###### #. #. #. #.
#.


You could see an ogre.

Vanquished Creatures
  The ghost of oXJerXo the Ogre Mage, an amateur OgWz of Qazlal (D:3)
  A big kobold (D:3)
  7 adders
  4 gnolls (D:3)
  2 oozes (D:1)
  2 worms (D:2)
  2 dart slugs (D:1)
  2 leopard geckos
  2 orcs (D:3)
  A ball python (D:3)
  11 bats
  4 giant cockroaches
  15 goblins
  10 hobgoblins
  4 jackals
  7 kobolds
  2 quokkas (D:3)
  5 frilled lizards
  15 rats
97 creatures vanquished.

Notes
Turn   | Place    | Note
-------+----------+-------------------------------------------
     0 | D:1      | Fang the Gargoyle Berserker began the quest for the Orb.
     0 | D:1      | Reached XP level 1. HP: 14/14 MP: 1/1
   329 | D:1      | Reached XP level 2. HP: 19/19 MP: 2/2
   693 | D:1      | Reached XP level 3. HP: 23/23 MP: 3/3
  1100 | D:1      | Reached ** piety under Trog
  1606 | D:2      | Found a stormy altar of Qazlal.
  1662 | D:2      | Reached XP level 4. HP: 14/29 MP: 4/4
  1970 | D:2      | Found a sacrificial altar of Ru.
  2170 | D:2      | Reached skill level 4 in Fighting
  2433 | D:3      | Noticed a big kobold
  2439 | D:3      | Reached *** piety under Trog
  2444 | D:3      | Killed a big kobold
  2444 | D:3      | Reached XP level 5. HP: 34/34 MP: 5/5
  2518 | D:3      | Found a white marble altar of Elyvilon.
  2868 | D:3      | Reached XP level 6. HP: 37/39 MP: 6/6
  3209 | D:3      | Found a runed translucent door.
  3211 | D:3      | Noticed oXJerXo's ghost (amateur OgWz)
  3405 | D:3      | Killed oXJerXo's ghost
  3405 | D:3      | Reached skill level 5 in Fighting
  3481 | D:4      | Found a burning altar of Makhleb.
  3548 | D:4      | HP: 1/40 [ogre/+0 giant club (23)]
  3549 | D:4      | Demolished by an ogre

Skill      XL: |  1  2  3  4  5  6 |
---------------+-------------------+-----
Axes           | 3 4 |  4.1
Dodging        | 2 3 |  3.2
Armour         | 3 4 |  4.3
Fighting       | 4 5 |  5.0

Action                   |  1- 3 |  4- 6 || total
-------------------------+-------+-------++-------
Melee: Hand axe          |   126 |   178 ||   304
       War axe           |       |    39 ||    39
Invok: Berserk           |       |     4 ||     4
 Stab: Sleeping          |     1 |       ||     1
  Eat: Chunk             |     2 |    10 ||    12
Armor: Animal skin       |    45 |     2 ||    47
       Chain mail        |       |   111 ||   111
       Plate armour      |       |    22 ||    22
Dodge: Dodged            |   100 |   129 ||   229
